MLB
CLEVELAND GUARDIANS @ SAN FRANCISCO GIANTS
06/18/2025
 
TOP OF THE 1ST
Cleveland Guardians batting - Pitching for San Francisco Giants : LHP Jorge Arroyo
Pitching: LHP Jorge Arroyo
Batting: RHB Cecilio Aybar 0-0: Foul Ball, location: 3F
0-1: Ball
1-1: Foul Ball, location: 2F
1-2: Ball
2-2: SINGLE (Groundball, 34, EV 105.0 MPH) (infield hit)
Batting: RHB Liam Thompson 0-0: Called Strike
0-1: Called Strike
0-2: Ball
1-2: Strikes out looking and he ARGUES THE CALL AND IS TOSSED!
Batting: RHB Ernie Jones 0-0: Called Strike
0-1: Ball
1-1: Called Strike
Cecilio Aybar steals 2nd base
1-2: Ground out 6-3 (Groundball, 6M, EV 80.0 MPH)
Cecilio Aybar to third
Batting: RHB Vladimir Guerrero Jr. 0-0: Fly out, F9 (Flyball, 89S, EV 90.0 MPH)
Top of the 1st over - 0 runs, 1 hit, 0 errors, 1 left on base; Cleveland 0 - San Francisco 0
BOTTOM OF THE 1ST
San Francisco Giants batting - Pitching for Cleveland Guardians : RHP Sandy Cline
Pitching: RHP Sandy Cline
Now at 1B: José Álvarez
Batting: RHB José González 0-0: Foul Ball, location: 2F
0-1: Called Strike
0-2: Foul Ball, location: 23F
0-2: Foul Ball, location: 2F
0-2: Ball
1-2: Strikes out swinging
Batting: LHB Bradley Zimmer 0-0: Ball
1-0: Ball
2-0: Called Strike
2-1: Foul Ball, location: 2F
2-2: Ball
3-2: SINGLE (Flyball, 9LS, EV 90.0 MPH)
Batting: LHB Dominic Smith 0-0: Foul Ball, location: 9LMF
0-1: Ball
1-1: Foul Ball, location: 2F
1-2: Foul Ball, location: 23F
1-2: Grounds out, U3 (Groundball, 3L, EV 99.4 MPH)
Batting: LHB Grabiel Jimenez 0-0: Called Strike
0-1: Ball
1-1: Foul Ball, location: 3F
1-2: Ball
2-2: Ball
3-2: Fly out, F8 (Flyball, 78M, EV 91.3 MPH)
Bottom of the 1st over - 0 runs, 1 hit, 0 errors, 1 left on base; Cleveland 0 - San Francisco 0
TOP OF THE 2ND
Cleveland Guardians batting - Pitching for San Francisco Giants : LHP Jorge Arroyo
Batting: RHB Giancarlo Stanton 0-0: Foul Ball, location: 2F
0-1: Called Strike
0-2: Foul Ball, location: 3F
0-2: Strikes out swinging
Batting: RHB Juan Martínez 0-0: Called Strike
0-1: Called Strike
0-2: Ball
1-2: Ground out U3 (Groundball, 34, EV 81.9 MPH)
Batting: RHB Juan González 0-0: Ball
1-0: Called Strike
1-1: Swinging Strike
1-2: Foul Ball, location: 9LSF
1-2: Ball
2-2: Ground out 6-3 (Groundball, 6M, EV 110.0 MPH)
Top of the 2nd over - 0 runs, 0 hits, 0 errors, 0 left on base; Cleveland 0 - San Francisco 0
BOTTOM OF THE 2ND
San Francisco Giants batting - Pitching for Cleveland Guardians : RHP Sandy Cline
Batting: RHB Nolan Arenado 0-0: Ball
1-0: Ball
2-0: SINGLE (Line Drive, 78S, EV 95.6 MPH)
Batting: RHB Leo Marrero 0-0: Ball
1-0: Ball
2-0: Ball
3-0: Base on Balls
Nolan Arenado to second
Batting: RHB Héctor Rodríguez 0-0: Swinging Strike
0-1: Foul Ball, location: 3DF
0-2: Strikes out looking
Batting: RHB Franly Mallen 0-0: Ball
1-0: Ball
2-0: Ball
3-0: Called Strike
3-1: Foul Ball, location: 9LMF
3-2: Base on Balls
Nolan Arenado to third
Leo Marrero to second
Batting: RHB Salvador Perez 0-0: Foul Ball, location: 7LDF
0-1: Swinging Strike
Passed Ball!
Nolan Arenado scores
Leo Marrero to third
Franly Mallen to second
0-2: Strikes out swinging
Batting: RHB José González 0-0: Called Strike
0-1: Fly out, F8 (Flyball, 8RD, EV 96.9 MPH)
Bottom of the 2nd over - 1 run, 1 hit, 0 errors, 2 left on base; Cleveland 0 - San Francisco 1
TOP OF THE 3RD
Cleveland Guardians batting - Pitching for San Francisco Giants : LHP Jorge Arroyo
Batting: RHB Ben Ramsey 0-0: Foul Ball, location: 2F
0-1: Foul Ball, location: 9LDF
0-2: Strikes out swinging
Batting: LHB Joe Young 0-0: Called Strike
0-1: Swinging Strike
0-2: Ball
1-2: Foul Ball, location: 2F
1-2: Ground out 6-3 (Groundball, 6MS, EV 83.8 MPH)
Batting: RHB Cecilio Aybar 0-0: Called Strike
0-1: Ball
1-1: SINGLE (Flyball, 8RS, EV 96.3 MPH)
Batting: LHB José Álvarez 0-0: Ball
1-0: Foul Ball, location: 3F
1-1: Swinging Strike
1-2: Strikes out looking
Top of the 3rd over - 0 runs, 1 hit, 0 errors, 1 left on base; Cleveland 0 - San Francisco 1
BOTTOM OF THE 3RD
San Francisco Giants batting - Pitching for Cleveland Guardians : RHP Sandy Cline
Batting: LHB Bradley Zimmer 0-0: Called Strike
0-1: Ball
1-1: Foul Ball, location: 2F
1-2: Strikes out swinging
Batting: LHB Dominic Smith 0-0: Ground out U3 (Groundball, 3S, EV 86.3 MPH)
Batting: LHB Grabiel Jimenez 0-0: Fly out, F8 (Flyball, 8RXD, EV 95.0 MPH)
Bottom of the 3rd over - 0 runs, 0 hits, 0 errors, 0 left on base; Cleveland 0 - San Francisco 1
TOP OF THE 4TH
Cleveland Guardians batting - Pitching for San Francisco Giants : LHP Jorge Arroyo
Batting: RHB Ernie Jones 0-0: Ball
1-0: Ball
2-0: Foul Ball, location: 2F
2-1: Foul Ball, location: 9LMF
2-2: Ball
3-2: Foul Ball, location: 7LDF
3-2: Fly out, F7 (Flyball, 7, EV 89.4 MPH)
Batting: RHB Vladimir Guerrero Jr. 0-0: Swinging Strike
0-1: Ball
1-1: DOUBLE (Line Drive, 89D, EV 101.3 MPH)
Batting: RHB Giancarlo Stanton 0-0: Ball
1-0: Ball
2-0: Called Strike
2-1: Foul Ball, location: 25F
2-2: Reached on error, E6 (Groundball, 6, EV 86.3 MPH)
Vladimir Guerrero Jr. to third
Batting: RHB Juan Martínez 0-0: Ball
1-0: Fly out, F5 (Line Drive, 5, EV 75.0 MPH)
Batting: RHB Juan González 0-0: Foul Ball, location: 9LSF
0-1: Ball
1-1: Fly out, F7 (Flyball, 7, EV 95.6 MPH)
Top of the 4th over - 0 runs, 1 hit, 1 error, 2 left on base; Cleveland 0 - San Francisco 1
BOTTOM OF THE 4TH
San Francisco Giants batting - Pitching for Cleveland Guardians : RHP Sandy Cline
Batting: RHB Nolan Arenado 0-0: Ball
1-0: Foul Ball, location: 9LMF
1-1: Foul Ball, location: 3FF
1-2: Strikes out swinging
Batting: RHB Leo Marrero 0-0: Ball
1-0: Called Strike
1-1: Foul Ball, location: 25F
1-2: Ball
2-2: Fly out, F3 (Line Drive, 3, EV 74.4 MPH)
Batting: RHB Héctor Rodríguez 0-0: SINGLE (Line Drive, 7S, EV 104.4 MPH)
Batting: RHB Franly Mallen 0-0: Ground out 4-3 (Groundball, 34, EV 84.4 MPH)
Bottom of the 4th over - 0 runs, 1 hit, 0 errors, 1 left on base; Cleveland 0 - San Francisco 1
TOP OF THE 5TH
Cleveland Guardians batting - Pitching for San Francisco Giants : LHP Jorge Arroyo
Batting: RHB Ben Ramsey 0-0: Ball
1-0: Called Strike
1-1: Called Strike
1-2: Ball
2-2: Strikes out swinging
Batting: LHB Joe Young 0-0: Foul Ball, location: 7LDF
0-1: SINGLE (Groundball, 56, EV 82.5 MPH) (infield hit)
Batting: RHB Cecilio Aybar 0-0: Ball
1-0: Called Strike
1-1: Ball
2-1: Called Strike
Joe Young is caught stealing 2nd base 2-4
2-2: Fly out, F9 (Line Drive, 9S, EV 68.8 MPH)
Top of the 5th over - 0 runs, 1 hit, 0 errors, 0 left on base; Cleveland 0 - San Francisco 1
BOTTOM OF THE 5TH
San Francisco Giants batting - Pitching for Cleveland Guardians : RHP Sandy Cline
Batting: RHB Salvador Perez 0-0: Called Strike
0-1: Ball
1-1: Foul Ball, location: 23FF
1-2: Ball
2-2: Ball
3-2: Foul Ball, location: 5F
3-2: Fly out, F7 (Flyball, 7, EV 105.6 MPH)
Batting: RHB José González 0-0: Ball
1-0: Ball
2-0: Ball
3-0: Base on Balls
Batting: LHB Bradley Zimmer 0-0: Fly out, F9 (Line Drive, 9, EV 97.5 MPH)
Batting: LHB Dominic Smith 0-0: Called Strike
0-1: Ball
1-1: Swinging Strike
1-2: Fly out, F9 (Line Drive, 9S, EV 89.4 MPH)
Bottom of the 5th over - 0 runs, 0 hits, 0 errors, 1 left on base; Cleveland 0 - San Francisco 1
TOP OF THE 6TH
Cleveland Guardians batting - Pitching for San Francisco Giants : LHP Jorge Arroyo
Batting: LHB José Álvarez 0-0: Called Strike
0-1: Ball
1-1: Called Strike
1-2: Ball
2-2: Strikes out looking
Batting: RHB Ernie Jones 0-0: Ball
1-0: Foul Ball, location: 25F
1-1: Single, Error in OF, E7, batter to second base (Line Drive, 7S, EV 107.5 MPH)
Batting: RHB Vladimir Guerrero Jr. 0-0: Called Strike
0-1: Fly out, F3 (Line Drive, 3L, EV 65.6 MPH)
Batting: RHB Giancarlo Stanton 0-0: Ball
1-0: Ball
2-0: Called Strike
2-1: Foul Ball, location: 5F
2-2: Foul Ball, location: 9LSF
2-2: Strikes out swinging, 2-3 out at first.
Top of the 6th over - 0 runs, 1 hit, 1 error, 1 left on base; Cleveland 0 - San Francisco 1
BOTTOM OF THE 6TH
San Francisco Giants batting - Pitching for Cleveland Guardians : RHP Sandy Cline
Batting: LHB Grabiel Jimenez 0-0: Ball
1-0: Called Strike
1-1: Ball
2-1: Ball
3-1: Base on Balls
Batting: RHB Nolan Arenado 0-0: SINGLE (Groundball, 6MD, EV 100.0 MPH)
Grabiel Jimenez to second
Runner from 2nd tries for 3rd, SAFE, throw by CF made to third
Batting: RHB Leo Marrero 0-0: Ball
1-0: SINGLE (Groundball, 4MD, EV 97.5 MPH)
Grabiel Jimenez scores
Nolan Arenado to second
Runner from 2nd tries for 3rd, SAFE, throw by CF made at trailing runner, OUT! 8-3-6
Batting: RHB Héctor Rodríguez 0-0: Ball
1-0: Swinging Strike
1-1: Ball
2-1: Ball
3-1: Ground out 4-3 (Groundball, 4, EV 86.9 MPH)
Batting: RHB Franly Mallen 0-0: Intentional Walk
Pitching: RHP Steve Mossman
Batting: RHB Salvador Perez 0-0: Ball
1-0: Fielders Choice at 2nd, 6-4 (Groundball, 6, EV 105.0 MPH)
Bottom of the 6th over - 1 run, 2 hits, 0 errors, 2 left on base; Cleveland 0 - San Francisco 2
TOP OF THE 7TH
Cleveland Guardians batting - Pitching for San Francisco Giants : LHP Jorge Arroyo
Batting: RHB Juan Martínez 0-0: Fly out, F7 (Flyball, 7, EV 94.4 MPH)
Batting: RHB Juan González 0-0: Ball
1-0: Fly out, F8 (Flyball, 8RXD, EV 103.1 MPH)
Batting: RHB Ben Ramsey 0-0: Ground out 4-3 (Groundball, 4, EV 81.9 MPH)
Top of the 7th over - 0 runs, 0 hits, 0 errors, 0 left on base; Cleveland 0 - San Francisco 2
BOTTOM OF THE 7TH
San Francisco Giants batting - Pitching for Cleveland Guardians : RHP Steve Mossman
Batting: RHB José González 0-0: Called Strike
0-1: Fly out, F5 (Popup, 5SF, EV 65.6 MPH)
Batting: LHB Bradley Zimmer 0-0: Foul Ball, location: 2F
0-1: Called Strike
0-2: Foul Ball, location: 9LMFF
0-2: Ball
1-2: Foul Ball, location: 2F
1-2: Foul Ball, location: 2F
1-2: Strikes out swinging
Batting: LHB Dominic Smith 0-0: Called Strike
0-1: Ground out 5-3 (Groundball, 56, EV 85.0 MPH)
Bottom of the 7th over - 0 runs, 0 hits, 0 errors, 0 left on base; Cleveland 0 - San Francisco 2
TOP OF THE 8TH
Cleveland Guardians batting - Pitching for San Francisco Giants : LHP Jorge Arroyo
Batting: LHB Joe Young 0-0: Foul Ball, location: 3FF
0-1: Ball
1-1: Ball
2-1: Swinging Strike
2-2: Fly out, F8 (Line Drive, 89M, EV 91.3 MPH)
Batting: RHB Cecilio Aybar 0-0: Called Strike
0-1: Foul Ball, location: 3DF
0-2: Ball
1-2: Foul Ball, location: 5SF
1-2: Ball
2-2: Foul Ball, location: 2F
2-2: SINGLE (Groundball, 4D, EV 96.3 MPH)
Pitching: RHP Juan Sánchez
Batting: LHB José Álvarez 0-0: Ball
1-0: Called Strike
1-1: Fielders Choice at 2nd, 4-6 (Groundball, 34S, EV 76.3 MPH)
Pinch Hitting: LHB Joe Wendle 0-0: Called Strike
0-1: Ball
1-1: SINGLE (Line Drive, 78S, EV 88.1 MPH)
José Álvarez to second
Runner from 2nd tries for 3rd, SAFE, throw by CF made to third
Batting: RHB Vladimir Guerrero Jr. 0-0: SINGLE (Groundball, 34D, EV 97.5 MPH)
José Álvarez scores
Joe Wendle to second
Runner from 2nd tries for 3rd, SAFE, throw by RF made to third
Vladimir Guerrero Jr. to second
Pinch Hitting: SHB Brett Austin 0-0: Hit by Pitch
Pinch Hitting: SHB Willi Castro 0-0: Foul Ball, location: 7LSFF
0-1: Foul Ball, location: 9LDF
0-2: Ball
1-2: Ball
2-2: Ball
3-2: Fly out, F8 (Line Drive, 8LM, EV 103.8 MPH)
Top of the 8th over - 1 run, 3 hits, 0 errors, 3 left on base; Cleveland 1 - San Francisco 2
BOTTOM OF THE 8TH
San Francisco Giants batting - Pitching for Cleveland Guardians : RHP Steve Mossman
Now at 1B: Joe Wendle
Now at 2B: Willi Castro
Now at 3B: José Álvarez
Now in LF: Brett Austin
Batting: LHB Grabiel Jimenez 0-0: SOLO HOME RUN (Flyball, 89XD, EV 112.5 MPH), Distance : 437 ft
Batting: RHB Nolan Arenado 0-0: Ball
1-0: Swinging Strike
1-1: Called Strike
1-2: Foul Ball, location: 2LF
1-2: Foul Ball, location: 3SF
1-2: SINGLE (Line Drive, 9LM, EV 103.8 MPH)
Batting: RHB Leo Marrero 0-0: Ball
1-0: Ball
2-0: Foul Ball, location: 9LMF
2-1: Ball
3-1: Called Strike
3-2: Strikes out swinging
Batting: RHB Héctor Rodríguez 0-0: Ball
1-0: Ball
2-0: Foul Ball, location: 2F
2-1: Ball
3-1: Fly out, F3 (Popup, 3S, EV 82.5 MPH)
Pitching: RHP Jesus A. Sanchez
Batting: RHB Franly Mallen 0-0: Ball
1-0: Fly out, F7 (Flyball, 78M, EV 88.8 MPH)
Bottom of the 8th over - 1 run, 2 hits, 0 errors, 1 left on base; Cleveland 1 - San Francisco 3
TOP OF THE 9TH
Cleveland Guardians batting - Pitching for San Francisco Giants : RHP Juan Sánchez
Pitching: RHP Pat Henderson
Batting: RHB Juan González 0-0: Ball
1-0: Ball
2-0: Ball
3-0: Base on Balls
Batting: RHB Ben Ramsey 0-0: Ball
1-0: Foul Ball, location: 2F
1-1: Foul Ball, location: 7LMF
1-2: Foul Ball, location: 9LSF
1-2: Foul Ball, location: 9LSF
1-2: Fly out, F7 (Line Drive, 7S, EV 105.0 MPH)
Batting: LHB Joe Young 0-0: Called Strike
0-1: Ball
1-1: Swinging Strike
1-2: Ball
2-2: Strikes out swinging
Batting: RHB Cecilio Aybar 0-0: Swinging Strike
0-1: Called Strike
0-2: Foul Ball, location: 2RF
0-2: Ground out 4-3 (Groundball, 4, EV 78.8 MPH)
Top of the 9th over - 0 runs, 0 hits, 0 errors, 1 left on base; Cleveland 1 - San Francisco 3
Tuesday, June 24th , 2025 - OOTP Baseball 26.4 Build 61